Map: Acolyte LE

Players

Valderg - Winner!

  • Race: Zerg Zerg
  • League: Silver
  • Spawn Location: 7:00

GoNukePower

  • Race: Terran Terran
  • League: Platinum
  • Spawn Location: 1:00

VOD

Have the link to the VOD?

Description

Time

  • Played on: Nov. 13, 2017, 10:06 a.m.
  • Length: 18:29
Show
View Real Time Build Order
Export as new Build Order

Valderg Zerg - Winner!

Build Orders: Hatch First 

Get SALT Encoding   

  12  0:01  Drone  
  13  0:12  Overlord  
  13  0:17  Drone  
  14  0:30  Drone x2  
  16  0:44  Drone  
  17  0:53  Hatchery  
  16  1:00  Extractor  
  15  1:10  Spawning Pool  
  14  1:21  Drone x3  
  17  1:33  Drone  
  18  1:44  Overlord  
  18  1:57  Queen  
  18  2:00  Metabolic Boost  
  20  2:05  Queen  
  22  2:09  Drone  
  22  2:12  Zergling x2  
  24  2:21  Drone  
  25  2:26  Drone x2  
  25  2:27  Drone  
  28  2:49  Hatchery  
  27  2:54  Zergling x2  
  28  2:59  Queen  
  30  3:14  Overlord  
  30  3:24  Overlord x2  
  30  3:25  Overlord  
  29  3:48  Drone x5  
  32  3:49  Drone x3  
  37  4:12  Drone x4  
  41  4:19  Lair, Pneumatized Carapace  
  41  4:21  Overlord  
  41  4:22  Overlord  
  41  4:38  Spore Crawler  
  38  5:03  Queen x2  
  42  5:08  Zergling x12  
  42  5:09  Zergling x10  
  53  5:14  Drone  
  53  5:20  Extractor  
  53  5:22  Extractor  
  52  5:30  Drone x4  
  52  5:31  Drone  
  56  5:38  Overseer  
  56  5:51  Evolution Chamber  
  56  5:54  Evolution Chamber  
  54  6:00  Drone  
  54  6:01  Drone x5  
  54  6:02  Drone  
  61  6:17  Baneling Nest  
  60  6:18  Zerg Melee Weapons Level 1  
  60  6:20  Zerg Ground Armor Level 1  
  60  6:52  Drone x4  
  60  6:53  Drone x7  
  60  6:54  Drone  
  72  6:59  Drone x2  
  72  7:00  Overlord  
  72  7:01  Overlord x3  
  74  7:12  Baneling  
  74  7:13  Baneling x3  
  70  7:57  Drone x3  
  70  7:58  Drone x3  
  76  8:03  Hydralisk Den, Queen  
  77  8:07  Infestation Pit  
  77  8:11  Extractor  
  75  8:13  Extractor  
  75  8:17  Zergling x10  
  75  8:18  Zergling x4  
  75  8:19  Baneling x4  
  81  8:32  Hydralisk x2  
  81  8:33  Hydralisk x7  
  81  8:34  Hydralisk x3  
  97  8:35  Overlord  
  97  8:36  Overlord  
  97  8:38  Hatchery  
  99  9:02  Infestor  
  114  9:20  Overlord  
  114  9:21  Overlord x5  
  114  9:26  Zerg Missile Weapons Level 1  
  114  9:30  Baneling x4  
  114  10:01  Spire  
  82  10:36  Hydralisk  
  82  10:37  Hydralisk x8  
  100  10:58  Burrow  
  100  11:08  Swarm Host  
  115  11:24  Mutalisk x2  
  119  11:46  Zergling x2  
  120  11:47  Zergling x20  
  120  11:50  Hatchery  
  120  11:51  Queen  
  131  11:55  Swarm Host, Hatchery  
  139  12:09  Mutalisk x3  
  145  13:03  Zergling x2  
  145  13:04  Zergling x22  
  98  13:30  Zergling x2  
  98  13:32  Zergling x2  
  98  13:33  Zergling x8  
  104  13:35  Overseer x4  
  104  13:43  Zergling x2  
  104  13:44  Zergling x6  
  104  13:46  Mutalisk  
  104  13:47  Mutalisk  
  112  13:59  Zergling x6  
  112  14:20  Zergling x2  
  112  14:21  Zergling x6  
  109  14:31  Overseer x4  
  97  14:32  Overlord  
  97  14:33  Overlord x7  
  85  14:43  Mutalisk  
  85  14:52  Overlord x3  
  85  15:01  Zergling x2  
  85  15:02  Zergling x4  
  88  15:22  Zergling x4  
  88  15:23  Zergling x8  
  94  15:31  Zergling x6  
  97  15:46  Queen x3  
  106  15:54  Swarm Host  
  160  16:24  Overseer x6  
  160  16:52  Zergling x26  
  160  16:54  Overlord x4  
  161  17:25  Zergling x2  
  161  17:26  Zergling x2  
  163  17:33  Zergling x24  
  163  17:34  Zergling x8  
  174  17:39  Zergling x2  
  166  17:55  Zergling x18  
Show
View Real Time Build Order
Export as new Build Order

GoNukePower Terran 

Build Orders: 1/1/1, Banshee Rush 

Get SALT Encoding   

  12  0:01  SCV  
  13  0:13  SCV  
  14  0:18  Supply Depot  
  14  0:25  SCV  
  15  0:32  Refinery  
  15  0:42  Barracks  
  15  0:46  SCV  
  16  0:58  SCV  
  16  0:59  Refinery  
  17  1:10  SCV  
  18  1:23  SCV  
  19  1:32  Factory  
  19  1:35  Supply Depot  
  19  1:37  Marine  
  19  1:38  SCV  
  21  1:50  SCV  
  22  2:02  SCV  
  23  2:09  Supply Depot  
  24  2:16  Starport  
  24  2:19  Orbital Command  
  24  2:21  Factory Tech Lab  
  23  2:32  Supply Depot  
  23  2:34  Marine  
  24  2:52  Marine  
  24  2:54  Factory Tech Lab  
  25  3:00  Banshee  
  25  3:01  Cloaking Field  
  25  3:04  SCV  
  29  3:09  Marine  
  29  3:28  Marine  
  30  3:36  Siege Tank  
  33  3:45  SCV  
  33  3:47  Command Center  
  34  3:52  Barracks  
  34  3:57  SCV  
  34  3:59  Barracks  
  35  4:09  SCV  
  36  4:21  SCV  
  37  4:33  SCV  
  38  4:45  SCV  
  39  4:58  SCV  
  37  5:07  Barracks Tech Lab  
  37  5:14  Orbital Command  
  37  5:15  Ghost Academy  
  37  5:23  Barracks Tech Lab  
  37  5:24  Barracks Tech Lab  
  37  5:25  Siege Tank  
  41  5:28  SCV  
  41  5:40  SCV  
  41  5:42  Refinery  
  42  5:46  SCV  
  43  5:51  Refinery  
  43  5:52  SCV  
  44  5:58  SCV  
  45  6:04  SCV  
  45  6:09  Personal Cloaking  
  45  6:10  SCV  
  47  6:13  Ghost x2  
  47  6:14  Ghost  
  47  6:17  SCV  
  54  6:22  SCV  
  55  6:29  SCV  
  56  6:34  SCV  
  57  6:40  Siege Tank  
  57  6:41  SCV  
  57  6:46  SCV  
  62  6:56  Supply Depot  
  62  6:58  Command Center  
  62  7:17  Ghost x3  
  62  7:18  SCV x2  
  62  7:19  Supply Depot  
  69  7:30  SCV  
  70  7:41  Medivac  
  70  7:42  Supply Depot  
  72  7:46  Ghost x3  
  71  7:59  SCV  
  71  8:04  Supply Depot  
  72  8:11  SCV  
  73  8:14  Ghost x3  
  73  8:16  Engineering Bay  
  79  8:23  SCV  
  80  8:35  SCV  
  80  8:41  Command Center  
  81  8:42  Engineering Bay  
  81  8:43  Missile Turret, Ghost x3  
  81  8:47  SCV  
  88  9:03  Missile Turret  
  88  9:11  Ghost  
  88  9:12  SCV  
  91  9:24  SCV  
  91  9:26  Missile Turret  
  92  9:31  Ghost  
  92  9:34  Terran Infantry Weapons Level 1  
  92  9:36  Terran Infantry Armor Level 1  
  94  9:39  Supply Depot  
  94  9:45  Armory  
  94  9:48  Missile Turret  
  94  9:52  SCV, Ghost, Siege Tank  
  100  9:55  Orbital Command  
  100  10:05  SCV  
  101  10:07  Ghost  
  101  10:14  Viking  
  105  10:16  Ghost  
  105  10:17  SCV  
  105  10:43  Siege Tank  
  105  10:49  Missile Turret  
  108  10:56  Ghost x3  
  114  11:03  Supply Depot  
  114  11:10  Missile Turret  
  114  11:24  Ghost x2  
  114  11:25  Supply Depot, Ghost  
  120  11:31  Missile Turret  
  120  11:49  Supply Depot  
  120  11:52  Missile Turret  
  120  11:58  Ghost  
  120  11:59  Ghost x2  
  126  12:03  Command Center  
  126  12:05  Terran Infantry Weapons Level 2  
  126  12:11  Supply Depot  
  126  12:12  Missile Turret  
  126  12:27  Ghost x3  
  132  12:34  Supply Depot  
  130  12:46  Refinery  
  128  12:53  Refinery  
  128  12:55  Ghost  
  128  12:56  Ghost x2  
  113  13:45  Viking  
  113  13:48  SCV  
  114  14:00  SCV  
  115  14:13  SCV  
  115  14:15  Viking  
  100  14:25  SCV  
  78  14:37  SCV  
  79  14:44  Ghost x3  
  85  14:53  Orbital Command  
  69  15:13  Ghost x3  
  74  15:35  SCV  
  75  15:41  Ghost  
  77  15:47  SCV  
  78  15:59  SCV  
  75  16:11  SCV  
  76  16:23  SCV  
  76  16:25  Missile Turret  
  77  16:31  Ghost x2  
  81  16:36  SCV  
  82  16:40  Refinery  
  82  16:43  Ghost  
  82  16:44  Refinery  
  82  16:46  Missile Turret  
  84  16:48  SCV  
  85  16:59  Ghost  
  85  17:00  SCV  
  88  17:08  Missile Turret  
  88  17:29  Missile Turret  
  72  17:53  Missile Turret  
Tags
 
Add a new tag
Caveats
  • Supply blocks, unpowered buildings, or Contaminate may cause inaccurate times.
  • Supply counts are checked every 10 seconds.